 Dungeon Crawl Stone Soup version 0.32-a0-918-g0f22ef8d61 (webtiles) character file.

Game seed: 14188581483734649140

7 innerfire43 the Charlatan (level 1, -1/15 HPs)
             Began as a Demonspawn Wanderer on Apr 10, 2024.
             Frozen to death by an endoplasm (4 damage)
             ... on level 1 of the Dungeon.
             The game lasted 00:00:47 (241 turns).

innerfire43 the Charlatan (Demonspawn Wanderer)      Turns: 241, Time: 00:00:48

Health: -1/15      AC:  5    Str: 11    XL:     1   Next: 83%
Magic:  2/2        EV: 11    Int: 12    God:
Gold:   46         SH:  0    Dex: 13    Spells: 1/2 levels left

rFire   . . .        a - +0 dagger
rCold   . . .        (no shield)
rNeg    . . .        d - +2 leather armour
rPois   .            (no helmet)
rElec   .            (no cloak)
rCorr   .            (no gloves)
SInv    .            (no boots)
Will    .....        (no amulet)
Stlth   +            (no ring)
HPRegen 0.22/turn    (no ring)
MPRegen 0.08/turn

%: no passive effects
@: no status effects
A: no striking features
a: no special abilities


You were on level 1 of the Dungeon.
You visited 1 branch of the dungeon, and saw 1 of its levels.

You collected 46 gold pieces.

Inventory:

Hand Weapons
 a - a +0 dagger (weapon)
Armour
 d - a +2 leather armour (worn)
Wands
 b - a wand of polymorph (4)
Scrolls
 c - a scroll of butterflies
 g - a scroll of identify {unknown}
Potions
 e - a potion of might {unknown}
 f - a potion of curing {unknown}


   Skills:
 + Level 1.2 Fighting
 + Level 0.4 Short Blades
 * Level 0.8 Armour
 - Level 2.6 Dodging
 - Level 1.0 Spellcasting
 - Level 1.7 Earth Magic
 - Level 3.0 Evocations


You had one spell level left.
You knew the following spells:

 Your Spells              Type           Power      Damage    Failure   Level
a - Sandblast             Erth           8%         2d5       19%         1

Your spell library contained the following spells:

 Spells                   Type           Power      Damage    Failure   Level
 Stone Arrow              Conj/Erth      4%         3d7       63%         3


Dungeon Overview and Level Annotations

Branches:
Dungeon (1/15)

Altars:


Message History

You kill the giant cockroach!
No target in view!
No target in view!
You now have 46 gold pieces (gained 5).
A bat and an endoplasm come into view.
The bat moves out of view.
An endoplasm is nearby!
An endoplasm is nearby!
Found an emerald ring and a dyed leather armour.
The endoplasm quivers.
You hit the endoplasm.
The endoplasm is lightly wounded.
The endoplasm freezes you.
You are frozen.
You hit the endoplasm.
The endoplasm is lightly wounded.
The endoplasm freezes you.
You are frozen.
You are too injured to fight recklessly!
You are too injured to fight recklessly!
You are too injured to fight recklessly!
You are too injured to fight recklessly!
The endoplasm closely misses you.
You hit the endoplasm but do no damage.
The endoplasm is lightly wounded.
The endoplasm barely misses you.
You hit the endoplasm.
The endoplasm is moderately wounded.
The endoplasm freezes you.
You are frozen.
You hit the endoplasm but do no damage.
The endoplasm is moderately wounded.
The endoplasm freezes you.
You are frozen.
* * * LOW HITPOINT WARNING * * *
You hit the endoplasm.
The endoplasm is almost dead.
The endoplasm freezes you.
You are frozen.
You die...

#.# #..##..... #.#
#..####### #.#
#..# # #.#
#..####### #.##
####..........
#..#
............##
##.## .[..#
#....##
#.#####..### =...#
#......
#.........@##....#
#.....#
#######..#.Jb.#
####... #..###..#
#.#. #..# ##.#
#... #..# .#
#.###.## #..# ..
#....# #..# ...
#....# #... ....
#..... .....
......#.


You could see an endoplasm and a bat.

Vanquished Creatures
  A dart slug (D:1)
  A ball python (D:1)
  A giant cockroach (D:1)
  A bat (D:1)
  A rat (D:1)
5 creatures vanquished.

Notes
Turn   | Place    | Note
-------+----------+-------------------------------------------
     0 | D:1      | innerfire43 the Demonspawn Wanderer began the quest for the
                  | Orb.
     0 | D:1      | innerfire43 set off with the following items: a +0 dagger,
                  | a wand of polymorph (4), a scroll of butterflies, a +2
                  | leather armour; and the following spell memorised:
                  | Sandblast; and the following spells available to memorise:
                  | Stone Arrow.
     0 | D:1      | Reached XP level 1. HP: 15/15 MP: 2/2
   241 | D:1      | Frozen to death by an endoplasm

Illustrated notes

Levels and vault maps discovered:
D:1:      heliophobic_arrival_henge, layout_loops_ring,
          ebering_ecumenical_altar_rust, minivault_24

Action                     || total
---------------------------++-------
  Melee: Dagger            ||    46
 Armour: Leather armour    ||    19
  Dodge: Dodged            ||    33

Table legend: (Time is in decaauts)
 A = Elapsed time spent in this place.
 B = Non-inter-level travel time spent in this place.
 C = Inter-level travel time spent in this place.
 D = Time resting spent in this place.
 E = Time spent auto-exploring this place.
 F = Levels seen in this place.
 G = Mean time per level.
                   A        B        C        D        E       F      G
               +--------+--------+--------+--------+--------+-----+--------+
         Total |    240 |    240 |      0 |      0 |    147 |   1 |  240.0 |
       Dungeon |    240 |    240 |      0 |      0 |    147 |   1 |  240.0 |
               +--------+--------+--------+--------+--------+-----+--------+

Top non-repeatable levels by time:
     D:1: 240 daAuts
